 Dungeon Crawl Stone Soup version 0.29-a0-418-gc0181ea820 (webtiles) character file.

Game seed: 8084236524587964451

191 xian the Ducker (level 5, -3/49 HPs)
             Began as a Troll Gladiator on May 18, 2022.
             Was an Initiate of Ru.
             Slain by an orc priest
             ... wielding a +0 war axe
              (9 damage)
             ... on level 3 of the Dungeon.
             The game lasted 00:10:37 (1835 turns).

xian the Ducker (Troll Gladiator)                   Turns: 1835, Time: 00:10:38

Health: -3/49      AC:  6    Str: 30    XL:     5   Next: 42%
Magic:  4/4        EV: 10    Int:  4    God:    Ru [......]
Gold:   128        SH:  0    Dex: 11    Spells: 4/4 levels left

rFire   . . .      SeeInvis .   u - +1 rapier (vamp)
rCold   . . .      Faith    .   (no shield)
rNeg    . . .      Spirit   .   a - +0 robe
rPois   .          Reflect  .   b - +0 hat
rElec   .          Harm     .   p - +1 cloak
rCorr   .          Rampage  .   (gloves unavailable)
Will    .....                   (boots unavailable)
Stlth   +.........              (no amulet)
HPRegen 0.96/turn               e - +6 ring of strength
MPRegen 0.09/turn               j - ring of flight

@: flying
A: large, unfitting armour, claws 3, regeneration 1, shaggy fur 1, tough skin 1
a: Renounce Religion, Sacrifice Courage, Sacrifice Love, Sacrifice Nimbleness,
Reject Sacrifices


You were on level 3 of the Dungeon.
You worshipped Ru.
Ru was noncommittal.
You visited 1 branch of the dungeon, and saw 3 of its levels.

You collected 128 gold pieces.

Inventory:

Hand Weapons
 u - a +1 vampiric rapier (weapon)
Missiles
 c - a throwing net
 d - a large rock
 l - 9 poisoned darts (quivered)
 o - 6 boomerangs
Armour
 a - a +0 robe (worn)
 b - a +0 hat (worn)
 p - a +1 cloak (worn)
Jewellery
 e - a +6 ring of strength (left claw)
 j - a ring of flight (right claw)
Scrolls
 f - a scroll of magic mapping {unknown}
 k - a scroll of enchant armour {unknown}
 q - a scroll of identify {unknown}
 r - a scroll of amnesia {unknown}
 v - a scroll of silence {unknown}
Potions
 g - 5 potions of curing {unknown}
 h - a potion of attraction {unknown}
 m - a potion of brilliance {unknown}
 n - a potion of flight {unknown}
 s - a potion of heal wounds {unknown}
 t - a potion of degeneration {unknown}


   Skills:
 + Level 2.1 Fighting
 + Level 2.4 Short Blades
 + Level 2.0 Throwing
 + Level 3.5 Dodging
 + Level 0.6 Stealth
 + Level 3.3 Unarmed Combat


You had 4 spell levels left.
You didn't know any spells.
Your spell library contained the following spells:

 Spells                   Type           Power      Damage    Failure   Level
 Sting                    Tmut/Pois      0%         1d3       50%         1


Dungeon Overview and Level Annotations

Branches:
Dungeon (3/15)

Altars:
Ru
Vehumet

Shops:
D:1 (


Innate Abilities, Weirdness & Mutations

You are too large for most types of armour.
You have claws for hands.
Your natural rate of healing is unusually fast.
You are covered in fur. (AC +1)
You have tough skin. (AC +1)


Message History

The orc misses you.
You hit the orc but do no damage.
The orc is heavily wounded.
The orc priest hits you with a +0 war axe.
* * * LOW HITPOINT WARNING * * *
The orc hits you but does no damage.
The orc priest mumbles some strange prayers to Beogh against you.
Beogh smites you!
* * * LOW HITPOINT WARNING * * *
The orc closely misses you.
You don't know any spells.
Throw: 2 throwing nets
Press: ? - help, Q - select action, (/) - cycle Shift-Dir - straight line, f/p - orc priest
Aim: an orc priest, wielding a +0 war axe and wearing a +0 ring mail (61% to hit)
You throw a throwing net. The throwing net hits the orc priest.
The orc priest is caught in the net!
You hit the orc.
You kill the orc!
The orc priest struggles against the net. x2
The orc priest struggles against the net.
Things that are here:
a +0 club; a +0 scale mail You hit the orc priest but do no damage.
The orc priest struggles against the net.
You completely miss the orc priest. You claw the orc priest!
The orc priest is severely wounded.
The orc priest invokes the aid of Beogh against you.
Pain shoots through your body!
* * * LOW HITPOINT WARNING * * *
The orc priest struggles against the net.
The net rips apart, and the orc priest comes free!
You hit the orc priest but do no damage.
The orc priest is severely wounded.
You hit the orc priest but do no damage.
The orc priest is severely wounded.
The orc priest hits you but does no damage.
You barely miss the orc priest.
The orc priest is severely wounded.
The orc priest hits you with a +0 war axe!
You die...

≈....# ##...#
##....#
≈...####..#.#
#..#.## ≈P..#
#..##.######.##.#
≈≈♣.#
#.###.....##.##.#
.≈≈.# #.#
#####.##.##.#
....# #.#
#....##.# ...P#
#.# ###..##.#
P...# #.#
##...##.# P...#
#.# #.@#....#
....###.#
####o####..#
.##..##.# .....#
..#
.#).....###.#####
.#
................#
##
...#######....#...
...# #.##.....
#... ..# ###.
..#.# .##


You could see an orc priest.

Vanquished Creatures
  A centaur (D:3)
  A scorpion (D:2)
  An adder (D:3)
  3 dart slugs
  2 orcs (D:3)
  6 ball pythons
  5 endoplasms
  4 goblins
  2 hobgoblins (D:1)
  4 quokkas
  3 bats (D:1)
  2 frilled lizards (D:2)
  5 kobolds
  5 rats
44 creatures vanquished.

Vanquished Creatures (others)
  A fungus (D:1)
1 creature vanquished.

Grand Total: 45 creatures vanquished

Notes
Turn   | Place    | Note
-------+----------+-------------------------------------------
     0 | D:1      | xian the Troll Gladiator began the quest for the Orb.
     0 | D:1      | Reached XP level 1. HP: 19/19 MP: 0/0
   150 | D:1      | Reached XP level 2. HP: 27/27 MP: 1/1
   160 | D:1      | Found a faded altar of an unknown god.
   179 | D:1      | Got Plato's Catalogue of Venom
   188 | D:1      | Prayed at the altar of an unknown god.
   188 | D:1      | Became a worshipper of Ru the Awakened
   339 | D:1      | Found Hygeig's Antique Weapon Boutique.
   789 | D:2      | Reached XP level 3. HP: 33/33 MP: 2/2
   869 | D:2      | Found a radiant altar of Vehumet.
  1406 | D:2      | Noticed a scorpion
  1420 | D:2      | Killed a scorpion
  1421 | D:2      | Reached skill level 1 in Short Blades
  1421 | D:2      | Reached XP level 4. HP: 34/42 MP: 3/3
  1693 | D:3      | Noticed a centaur
  1710 | D:3      | Killed a centaur
  1711 | D:3      | Reached XP level 5. HP: 13/49 MP: 4/4
  1827 | D:3      | HP: 2/49 [orc priest/divine providence (8)]
  1835 | D:3      | Slain by an orc priest

Illustrated notes

Levels and vault maps discovered:
D:1:      minmay_arrival_loop, layout_rooms,
          shapermc_ecumenical_altar_rom_forum, serial_shops, shop
D:2:      minmay_chambers_of_ones, layout_loops_ring, basic_altar
D:3:      layout_rooms, guppyfry_early_lair_pool

Skill      XL: |  1  2  3  4 |
---------------+-------------+-----
Dodging        | 3 |  3.5
Short Blades   | 1 2 |  2.4
Throwing       | 2 |  2.0
Fighting       | 2 |  2.1
Stealth        | |  0.6
Unarmed Combat | |  3.3

Action                   |  1- 3 |  4- 6 || total
-------------------------+-------+-------++-------
Melee: Short sword       |    95 |       ||    95
       Unarmed           |     3 |       ||     3
       Punch             |     3 |     2 ||     5
       Rapier            |    11 |    55 ||    66
Throw: Dart              |     1 |       ||     1
       Throwing net      |       |     2 ||     2
  Use: Scroll            |       |     2 ||     2
 Stab: Sleeping          |     2 |     1 ||     3
Armor: Robe              |    48 |    31 ||    79
Dodge: Dodged            |    81 |    36 ||   117

Table legend: (Time is in decaauts)
 A = Elapsed time spent in this place.
 B = Non-inter-level travel time spent in this place.
 C = Inter-level travel time spent in this place.
 D = Time resting spent in this place.
 E = Time spent auto-exploring this place.
 F = Levels seen in this place.
 G = Mean time per level.
                   A        B        C        D        E       F      G
               +--------+--------+--------+--------+--------+-----+--------+
         Total |   1848 |   1811 |     37 |    169 |    931 |   3 |  616.0 |
       Dungeon |   1848 |   1811 |     37 |    169 |    931 |   3 |  616.0 |
               +--------+--------+--------+--------+--------+-----+--------+

Top non-repeatable levels by time:
     D:2: 818 daAuts
     D:1: 727 daAuts
     D:3: 303 daAuts
